Map: Ruins of Seras

Players

Кислый

  • Race: Terran Terran
  • League: Grandmaster

YoungGraeb

  • Race: Zerg Zerg
  • League: Platinum

starstorm - Winner!

  • Race: Terran Terran
  • League: Silver

CunningStunt - Winner!

  • Race: Protoss Protoss
  • League: Gold

VOD

Have the link to the VOD?

Description

Time

  • Played on: Sept. 2, 2015, 1:35 a.m.
  • Length: 14:56
Show
View Real Time Build Order
Export as new Build Order

Кислый Terran 

Build Orders: Command Center First (CC), MMM Bio 

Get SALT Encoding   

  12  0:01  SCV  
  13  0:13  SCV  
  14  0:19  Supply Depot  
  14  0:25  SCV  
  15  0:40  SCV  
  16  0:58  Command Center  
  16  1:02  SCV  
  17  1:15  Barracks  
  17  1:23  SCV  
  18  1:35  SCV  
  19  1:42  Refinery, Barracks  
  19  1:45  Refinery  
  19  1:54  SCV  
  20  2:01  Supply Depot  
  20  2:02  Marine  
  20  2:07  SCV  
  22  2:12  SCV  
  23  2:18  Bunker  
  23  2:21  SCV  
  24  2:24  SCV  
  24  2:25  Marine  
  26  2:33  Marine  
  27  2:38  SCV x2  
  29  2:46  Marine  
  30  2:52  SCV  
  30  2:53  SCV, Marine  
  33  3:04  SCV, Marine  
  33  3:05  SCV  
  36  3:08  Supply Depot  
  36  3:11  Marine  
  37  3:16  Factory  
  37  3:20  SCV x2  
  39  3:28  Marine  
  39  3:29  Marine  
  41  3:36  Engineering Bay  
  41  3:37  SCV x2  
  43  3:46  Marine  
  43  3:47  Marine  
  45  3:49  SCV x2  
  45  3:54  Refinery  
  47  3:56  Refinery  
  47  4:01  SCV x2, Factory Reactor  
  49  4:05  Starport  
  49  4:12  Barracks Tech Lab  
  49  4:14  Barracks Reactor  
  49  4:15  Orbital Command  
  49  4:19  Orbital Command  
  49  4:24  Missile Turret  
  49  4:29  Missile Turret  
  49  4:34  Sensor Tower  
  49  4:39  Widow Mine  
  49  4:43  Widow Mine  
  53  4:50  Supply Depot  
  53  4:54  Stimpack  
  53  4:55  Missile Turret  
  53  4:58  Starport Reactor  
  52  5:09  Marauder, Marine x2  
  52  5:11  SCV x2  
  52  5:13  Supply Depot  
  58  5:25  SCV x2  
  60  5:31  Widow Mine x2  
  64  5:36  Barracks  
  64  5:37  SCV x2  
  64  5:42  Barracks  
  66  5:46  Supply Depot  
  66  5:49  Terran Infantry Weapons Level 1  
  66  5:58  Missile Turret  
  66  6:09  Supply Depot  
  66  6:11  Medivac x2  
  70  6:13  Widow Mine x2  
  70  6:17  Marauder  
  76  6:18  Marine  
  76  6:19  Marine  
  76  6:21  Missile Turret  
  78  6:29  Barracks Reactor  
  78  6:30  Barracks Reactor  
  78  6:45  Command Center  
  78  6:47  Medivac  
  80  6:55  Combat Shields  
  80  7:04  Command Center  
  80  7:09  Armory  
  80  7:16  Engineering Bay  
  80  7:23  Starport  
  80  7:27  Supply Depot  
  80  7:31  Missile Turret  
  80  7:43  Medivac  
  82  7:47  Medivac  
  82  7:49  Supply Depot  
  84  7:53  Missile Turret  
  82  8:02  Marauder, Marine x3  
  76  8:12  Medivac  
  76  8:14  Concussive Shells, Marine  
  76  8:15  Marine x2  
  76  8:16  Missile Turret  
  76  8:20  Marine x2  
  76  8:23  Marauder, Marine  
  79  8:33  Marine x3  
  71  8:45  Marauder  
  71  8:46  Marine  
  71  8:48  Widow Mine  
  73  8:56  Widow Mine  
  75  9:06  Marauder  
  77  9:15  Starport Reactor  
  77  9:27  Marauder  
  77  9:44  Marine x2  
  78  9:49  Marauder  
  80  9:55  Command Center  
  80  10:14  Marine  
  80  10:15  Marauder, Marine x2  
  85  10:29  SCV x2  
  87  10:41  SCV x2  
  89  11:01  Marine x2  
  89  11:02  Marauder, Marine x3  
  92  11:11  Marine  
  91  11:19  Marine  
  91  11:23  Widow Mine, Marauder  
  91  11:24  Widow Mine  
  86  11:44  Marauder  
Show
View Real Time Build Order
Export as new Build Order

YoungGraeb Zerg 

Build Orders: Pool First 

Get SALT Encoding   

  12  0:05  Drone  
  13  0:13  Drone  
  14  0:29  Spawning Pool  
  14  0:31  Drone  
  14  1:02  Overlord  
  14  3:51  Zergling x6  
  17  3:57  Queen  
  19  4:11  Drone  
  19  4:12  Hatchery  
  19  4:24  Hatchery  
  18  4:36  Queen  
  20  4:52  Hatchery  
  18  4:56  Hatchery  
  17  5:12  Queen  
  19  5:48  Queen  
  21  6:23  Queen  
  23  6:59  Queen  
  2  9:58  Overlord x3  
Show
View Real Time Build Order
Export as new Build Order

starstorm Terran - Winner!

Build Orders:  

Get SALT Encoding   

  12  0:01  SCV  
  13  0:13  SCV  
  14  0:19  Supply Depot  
  14  0:25  SCV  
  15  0:40  SCV  
  15  0:42  Barracks  
  16  0:51  Supply Depot  
  16  0:53  SCV  
  17  1:02  Refinery  
  17  1:05  SCV  
  18  1:20  SCV  
  19  1:29  Marine  
  20  1:38  Command Center  
  20  1:50  Orbital Command  
  20  1:53  Marine  
  21  2:17  Barracks Reactor  
  21  2:21  Barracks  
  21  2:35  Bunker  
  22  2:37  SCV  
  22  2:47  Engineering Bay  
  22  2:49  SCV  
  23  2:55  Marine x2  
  25  3:01  SCV  
  26  3:06  Refinery  
  26  3:10  Marine  
  27  3:13  SCV, Marine  
  27  3:18  Supply Depot  
  29  3:25  SCV  
  30  3:28  Planetary Fortress  
  30  3:41  SCV  
  30  3:45  Missile Turret  
  31  3:53  SCV, Marine x2  
  34  3:56  Marine  
  35  4:06  Supply Depot  
  35  4:07  SCV x2  
  37  4:16  Factory  
  37  4:19  SCV x2  
  39  4:25  Barracks Tech Lab  
  39  4:26  Marine  
  39  4:27  Marine  
  42  4:31  SCV x2  
  43  4:45  SCV x2  
  45  4:46  Supply Depot  
  45  4:49  Stimpack  
  45  4:56  Refinery  
  45  4:57  SCV  
  46  5:00  Marauder  
  46  5:01  Widow Mine  
  50  5:08  Starport  
  50  5:18  SCV x2, Barracks  
  52  5:23  Marauder  
  54  5:30  Widow Mine  
  56  5:40  Marine x2  
  58  5:44  SCV x2  
  58  5:45  Medivac  
  62  5:58  Barracks  
  62  6:08  Barracks Reactor  
  62  6:09  Marauder  
  62  6:10  Marine x2  
  62  6:11  Widow Mine  
  66  6:14  SCV  
  66  6:15  SCV, Medivac  
  71  6:34  Marine x2  
  71  6:35  Marauder  
  71  6:36  SCV x2  
  71  6:37  Terran Infantry Weapons Level 1  
  77  6:42  Engineering Bay  
  77  7:00  Command Center  
  75  7:16  Terran Infantry Armor Level 1  
  75  7:19  Armory, Barracks Reactor  
  75  7:20  Marine x2  
  75  7:21  Marine x2, Widow Mine, Marauder  
  75  7:22  Medivac  
  85  7:30  Factory  
  85  7:31  SCV x2  
  87  7:47  Marauder, Marine x3  
  87  7:48  Marine  
  93  7:54  Widow Mine, Medivac  
  97  8:05  Marine x2  
  99  8:09  Marauder  
  101  8:19  Marine x4  
  105  8:22  Marine  
  105  8:23  Marine  
  105  8:24  Factory Tech Lab, Supply Depot  
  105  8:26  Factory Tech Lab, Medivac, Supply Depot  
  109  8:30  Marauder  
  111  8:37  Marine x3  
  114  8:51  Marauder  
  116  9:13  Marauder  
  118  9:18  Thor x2  
  118  9:21  Marine  
  118  9:22  Marine x4  
  118  9:23  Marine  
  136  9:27  Supply Depot  
  136  9:29  Supply Depot  
  136  9:34  Marauder  
  138  9:39  Marine  
  138  9:40  Reaper  
  139  9:51  Terran Infantry Weapons Level 2  
  139  9:52  Terran Infantry Armor Level 2  
  138  9:55  Terran Vehicle And Ship Armor Level 1, Marauder  
  140  10:04  Refinery  
  140  10:12  Refinery  
  140  10:17  Marauder  
  142  10:24  Marine x5  
  142  10:25  Marine  
  142  10:26  Thor  
  154  10:34  Ghost Academy, Refinery  
  154  10:38  Marauder  
  154  10:40  Ghost Academy  
  156  10:47  Barracks  
  156  11:11  Nuke  
  156  11:12  Nuke  
  156  11:17  Ghost Academy  
  156  11:19  Ghost Academy  
  156  11:38  Barracks Tech Lab  
  156  11:41  Barracks  
  156  11:51  Supply Depot  
  156  11:52  Supply Depot  
  156  11:57  Ghost, Marauder  
  156  12:00  Medivac  
  162  12:09  Personal Cloaking  
  162  12:18  Marauder  
  164  12:26  Ghost  
  166  12:39  Ghost  
  168  12:48  Nuke  
  168  12:54  Ghost  
  170  13:07  Ghost  
  172  13:23  Ghost  
  174  13:36  Ghost  
Show
View Real Time Build Order
Export as new Build Order

CunningStunt Protoss - Winner!

Build Orders: 1 Gate Expand 

Get SALT Encoding   

  12  0:01  Probe  
  13  0:13  Probe  
  14  0:19  Pylon  
  14  0:25  Probe  
  15  0:37  Probe  
  15  0:40  Gateway  
  16  0:49  Probe  
  17  1:01  Probe  
  18  1:13  Probe  
  19  1:27  Nexus  
  19  1:34  Cybernetics Core  
  19  1:35  Probe  
  20  1:41  Assimilator  
  20  1:45  Zealot  
  22  1:48  Probe  
  23  2:06  Assimilator  
  23  2:13  Pylon  
  23  2:31  Probe  
  24  2:38  Probe  
  24  2:43  Probe  
  26  2:51  Probe  
  27  2:55  Probe, Assimilator  
  28  3:03  Mothership Core  
  28  3:04  Twilight Council  
  30  3:07  Probe  
  31  3:17  Pylon  
  31  3:21  Probe  
  31  3:24  Probe  
  31  3:26  Adept  
  35  3:33  Probe  
  36  3:36  Probe  
  37  3:51  Gateway x2  
  37  3:53  Probe x2  
  37  3:54  Gateway  
  39  4:00  Adept  
  41  4:05  Probe  
  41  4:08  Probe  
  41  4:09  Pylon  
  43  4:17  Probe  
  43  4:20  Probe  
  45  4:24  Shield Upgrade  
  45  4:28  Pylon  
  45  4:31  Warp Gate  
  45  4:34  Robotics Facility  
  45  4:37  Gateway x2  
  45  4:43  Gateway  
  45  4:49  Probe x2  
  47  5:01  Probe x2  
  50  5:21  Probe x2  
  50  5:26  Charge  
  51  5:30  Immortal  
  51  5:33  Probe x2  
  57  5:36  Pylon  
  57  5:39  Gateway  
  57  5:41  Adept x2  
  57  5:42  Adept  
  63  5:43  Adept x2  
  63  5:44  Adept  
  69  5:51  Pylon  
  69  5:53  Probe, Pylon  
  69  5:54  Probe, Assimilator  
  71  6:09  Observer  
  72  6:25  Nexus  
  72  6:30  Warp Prism  
  74  6:37  Adept x2  
  74  6:38  Adept x6  
  90  6:46  Probe x2  
  92  6:49  Pylon  
  92  6:58  Probe x2  
  94  7:18  Immortal  
  98  7:34  Probe x2  
  98  7:36  Templar Archives  
  100  7:38  Assimilator  
  100  7:40  Adept x4, Assimilator  
  100  7:41  Adept x4  
  100  7:44  Pylon  
  116  7:46  Probe  
  117  8:02  Probe  
  117  8:11  Sentry x2  
  117  8:12  Sentry  
  117  8:13  Stalker x4  
  125  8:31  Probe x2  
  125  8:32  Probe  
  110  8:43  Probe  
  109  8:49  Probe x2  
  111  8:56  Probe, Psionic Storm  
  111  8:59  High Templar x4  
  111  9:02  High Templar x2  
  124  9:08  Immortal  
  124  9:25  Gateway  
  124  9:27  Gateway x2  
  124  9:28  Gateway  
  122  9:56  Pylon x2  
  122  10:01  Pylon  
  122  10:03  Pylon x2  
  126  10:14  Immortal  
  126  10:16  Forge  
  126  10:17  Nexus, Forge  
  126  10:18  Probe  
  126  10:19  Probe x2  
  129  10:22  Pylon  
  129  10:23  High Templar x5  
  129  10:24  Pylon, High Templar  
  129  10:26  Pylon  
  141  10:30  Pylon  
  141  10:31  Mothership Core, Probe x2  
  141  10:33  Pylon  
  141  10:35  Pylon  
  145  10:36  Archon x2  
  145  10:37  Archon  
  145  10:38  Pylon x2  
  145  10:39  Zealot x3  
  145  10:40  Assimilator  
  151  10:44  Assimilator  
  151  10:47  Zealot x3  
  150  11:03  Zealot x6  
  150  11:04  Zealot x3  
  161  11:37  Probe x2  
  161  11:44  Cybernetics Core  
  161  11:49  Probe x2  
  159  11:59  Probe  
  156  12:01  Probe  
  156  12:02  Probe  
  150  12:11  Probe  
  150  12:12  Zealot  
  150  12:14  Zealot  
  150  12:15  Zealot x5  
  152  12:21  Protoss Ground Weapons Level 1, Protoss Ground Armor Level 1  
  134  12:25  Probe x3  
  137  12:30  Photon Cannon  
  137  12:32  Photon Cannon  
  137  12:33  Photon Cannon  
  137  12:34  Photon Cannon  
  137  12:35  Photon Cannon  
  128  12:37  Probe  
  128  12:38  Probe  
  119  12:49  Probe, Zealot x7  
  119  12:50  Probe  
  134  13:02  Probe x2  
  130  13:12  Archon  
  110  13:14  Probe x2  
  112  13:26  Mothership Core  
  114  13:32  Probe  
  115  13:44  Probe  
  115  13:47  Probe  
  107  13:56  Probe  
  108  14:48  Nexus  
Tags
 
Add a new tag
Caveats
  • Supply blocks, unpowered buildings, or Contaminate may cause inaccurate times.
  • Supply counts are checked every 10 seconds.